cohdb
Replays
Latest Replays
All Replays
Popular Replays
Top Player Replays
Match Explorer
How It Works
Community
CoH3 Stats
Reddit
Sign in to upload your games and track your stats! →
Sign in with Steam
Match 42003681
Unlisted
Match 42003681
Overview
Messages
Build Orders
End
Kradschützen Motorcycle Team
Panzergrenadier Squad
Selects Italian Infantry
Selects Italian Infantry
Panzergrenadier Squad
Panzergrenadier Squad
Panzergrenadier Squad
Selects Defensive Operations
Construct Light Support Kompanie
Fire Support Elements
Selects Guastatori Squad
Selects L6/40 Light Tank Combat Group
Guastatori Squad
cc<
(head, eyes)
St. George Floyd
smoke
Terrible Tate
dcarman251
JVM
matrix4x4
0
0
Comments
sign in to comment!
No comments posted yet!